 Dungeon Crawl Stone Soup version 0.26-a0-520-g952f204493 (webtiles) character file.

Game seed: 11242190567747427790

368 Alfie the Shooter (level 6, -2/52 HPs)
             Began as a Minotaur Hunter on July 3, 2020.
             Slain by a white imp (5 damage)
             ... on level 6 of the Dungeon on Aug 12, 2020.
             The game lasted 00:11:15 (3278 turns).

Alfie the Shooter (Minotaur Hunter)                 Turns: 3278, Time: 00:11:15

Health: -2/52      AC:  4    Str: 18    XL:     6   Next: 41%
Magic:  5/5        EV: 12    Int:  8    God:
Gold:   230        SH:  0    Dex: 11    Spells: 5/5 levels left

rFire    . . .     SeeInvis .   b - +0 short sword
rCold    . . .     Faith    +   (no shield)
rNeg     . . .     Spirit   .   c - +0 leather armour
rPois    .         Reflect  .   (helmet restricted)
rElec    .         Harm     .   g - +0 cloak
rCorr    .                      (no gloves)
MR       .....                  (no boots)
Stlth    ++........             k - amulet of faith
HPRegen  0.17/turn              r - ring of stealth
MPRegen  0.09/turn              (no ring)

@: no status effects
A: retaliatory headbutt, horns 2
a: no special abilities


You were on level 6 of the Dungeon.
You visited 1 branch of the dungeon, and saw 5 of its levels.

You collected 230 gold pieces.

Inventory:

Hand Weapons
 a - a +1 shortbow
 b - a +0 short sword (weapon)
Missiles
 d - 23 arrows
Armour
 c - a +0 leather armour (worn)
 g - a +0 cloak (worn)
Jewellery
 k - an amulet of faith (around neck)
 r - a ring of stealth (left hand)
Scrolls
 h - a scroll of remove curse
 i - a scroll of identify
Potions
 e - 2 potions of flight {unknown}
 l - a potion of haste {unknown}
 n - 5 potions of curing
 o - 2 potions of might {unknown}
 q - a potion of heal wounds {unknown}
 s - a potion of invisibility {unknown}
Comestibles
 f - 3 removed foods


   Skills:
 + Level 4.0 Fighting
 + Level 1.3 Short Blades
 + Level 7.0 Bows
 + Level 2.5 Armour
 + Level 2.8 Dodging
 + Level 1.1 Stealth


You had 5 spell levels left.
You didn't know any spells.
Your spell library contained the following spells:

 Spells                   Type           Power        Failure   Level
 Corona                   Hex            #......      45%         1
 Ensorcelled Hibernation  Hex/Ice        #.....       61%         2
 Confusing Touch          Hex            #.......     83%         3
 Dazzling Flash           Conj/Hex       #.....       83%         3
 Tukima's Dance           Hex            #.......     83%         3


Dungeon Overview and Level Annotations

Branches:
Dungeon (4/15)
 Temple: D:4-7

Altars:
Dithmenos
Fedhas
Uskayaw

Shops:
D:6 !


Innate Abilities, Weirdness & Mutations

You reflexively headbutt those who attack you in melee.
You have a pair of horns on your head.


Message History

The phantom blinks!
Welcome back, Alfie the Minotaur Hunter.
Press ? for a list of commands and other information.
As you read the scroll of fog, it crumbles to dust.
The scroll dissolves into smoke.
The ogre barely misses you.
The orc priest looks braver for a moment.
Found a scroll of remove curse.
Found a removed food.
You see here a scroll of remove curse.
The ogre barely misses you. You furiously retaliate!
You headbutt the ogre.
The jelly quivers.
Found 15 stones.
Found a hide-covered altar of Uskayaw.
A white imp comes into view.
The white imp shouts!
Found a stone staircase leading down.
The white imp hits you.
* * * LOW HITPOINT WARNING * * *
The white imp freezes you.
You die...

... .. ....... ....#.
....... ....#.##.>.....
...............
............. .............
# ........5.# .. #.
...._..@.# ... ##
##.##..##.#o.###(..
...#.........#........
..#.........oO#...... #
.......................#.
#<##..........J...........##
8.∩.8.........W...........(.
#.##.W.§§§§..............# .
#8.....§§§§§.............#..


You could see a phantom, an ogre, a jelly, an orc priest, a white imp and an
orc.

Vanquished Creatures
  Grinder (D:3)
  A hound (D:4)
  An orc priest (D:3)
  A worker ant (D:4)
  3 adders
  A worm (D:2)
  A dart slug (D:3)
  3 leopard geckos
  3 orcs (D:3)
  A ball python (D:2)
  6 giant cockroaches
  5 goblins
  5 hobgoblins
  2 jackals (D:4)
  8 bats
  A frilled lizard (D:3)
  7 kobolds
  A leopard gecko zombie (D:6)
  7 rats
58 creatures vanquished.

Notes
Turn   | Place    | Note
-------+----------+-------------------------------------------
     0 | D:1      | Alfie the Minotaur Hunter began the quest for the Orb.
     0 | D:1      | Reached XP level 1. HP: 18/18 MP: 0/0
   155 | D:1      | Reached XP level 2. HP: 25/25 MP: 1/1
   242 | D:1      | Reached skill level 5 in Bows
  1145 | D:2      | Found a blossoming altar of Fedhas.
  1153 | D:2      | Found a shadowy altar of Dithmenos.
  1161 | D:2      | Reached XP level 3. HP: 30/30 MP: 2/2
  1757 | D:3      | Reached skill level 1 in Armour
  1757 | D:3      | Reached XP level 4. HP: 27/38 MP: 3/3
  1940 | D:3      | Noticed Grinder
  1945 | D:3      | Paralysed by Grinder for 2 turns
  1966 | D:3      | Paralysed by Grinder for 4 turns
  1975 | D:3      | Killed Grinder
  1975 | D:3      | Reached skill level 1 in Short Blades
  1975 | D:3      | Reached skill level 6 in Bows
  1975 | D:3      | Reached skill level 1 in Stealth
  1975 | D:3      | Reached XP level 5. HP: 4/46 MP: 4/4
  1975 | D:3      | Reached XP level 6. HP: 5/52 MP: 5/5
  3057 | D:4      | Reached skill level 7 in Bows
  3239 | D:4      | You fall into a shaft and drop 2 floors!
  3248 | D:6      | Found Omool's Distillery.
  3259 | D:6      | Upgraded the game from 0.26-a0-163-g6c8a0bf695 to
                  | 0.26-a0-520-g952f204493
  3271 | D:6      | Found a hide-covered altar of Uskayaw.
  3278 | D:6      | Slain by a white imp

Illustrated notes

Levels and vault maps discovered:
D:1:      lightli_arrival_noodles, layout_basic
D:2:      layout_loops_cross, nicolae_overflow_crystal_walls,
          overflow_temple_1_default, first_ration, kennysheep_nondescript
D:3:      layout_loops_ring, uniq_grinder
D:4:      layout_loops_cross, marbit_many_paths, minitemple, uniq_sigmund
D:6:      layout_rooms, grunt_temple_overflow_champion_of_chaos,
          overflow_temple_1_default, serial_shops, nicolae_shop_statue_plus

Skill      XL: |  1  2  3  4  5  6 |
---------------+-------------------+-----
Bows           | 5 6 7 |  7.0
Fighting       | 3 4 |  4.0
Armour         | 1 2 |  2.5
Short Blades   | 1 |  1.3
Stealth        | 1 |  1.1
Dodging        | |  2.8

Action                   |  1- 3 |  4- 6 || total
-------------------------+-------+-------++-------
Melee: Short sword       |    11 |    36 ||    47
       Headbutt          |     6 |     5 ||    11
 Fire: Shortbow          |    67 |    44 ||   111
  Use: Scroll            |     1 |    10 ||    11
       Potion            |       |     1 ||     1
  Eat: Removed food      |     1 |     2 ||     3
       Removed food      |     1 |     1 ||     2
Armor: Leather armour    |    10 |    11 ||    21
Dodge: Dodged            |    29 |    34 ||    63

Table legend: (Time is in decaauts)
 A = Elapsed time spent in this place.
 B = Non-inter-level travel time spent in this place.
 C = Inter-level travel time spent in this place.
 D = Time resting spent in this place.
 E = Time spent auto-exploring this place.
 F = Levels seen in this place.
 G = Mean time per level.
                   A        B        C        D        E       F      G
               +--------+--------+--------+--------+--------+-----+--------+
         Total |   3279 |   3237 |     42 |      0 |   2591 |   5 |  655.8 |
       Dungeon |   3279 |   3237 |     42 |      0 |   2591 |   5 |  655.8 |
               +--------+--------+--------+--------+--------+-----+--------+

Top non-repeatable levels by time:
     D:6: 19 daAuts
Note: time per level data comes from an upgraded game and may be incomplete.
